Map: [ESL] Gresvan

Players

Classic

  • Race: Protoss Protoss
  • Spawn Location: 5:00

Serral - Winner!

  • Race: Zerg Zerg
  • League: Diamond
  • Spawn Location: 11:00

Event: ESL SC2 Masters 2023 Summer (Finals)

VOD

Have the link to the VOD?

Description

Time

  • Played on: June 18, 2023, 10:03 a.m.
  • Length: 12:26

All games in this series

Show
View Real Time Build Order
Export as new Build Order

Classic Protoss 

Build Orders: 1 Gate Expand, Oracle Opening 

Get SALT Encoding   

  12  0:00  Probe  
  13  0:12  Probe  
  14  0:19  Pylon  
  14  0:24  Probe  
  15  0:37  Probe (Chrono Boost)  
  15  0:38  Gateway  
  16  0:46  Probe (Chrono Boost), Assimilator  
  17  0:51  Probe (Chrono Boost)  
  18  1:03  Probe  
  19  1:15  Probe  
  20  1:23  Nexus  
  20  1:27  Probe  
  21  1:37  Cybernetics Core  
  21  1:41  Probe  
  21  1:45  Assimilator  
  22  1:51  Pylon  
  22  1:54  Probe  
  23  2:09  Probe  
  23  2:10  Adept (Chrono Boost)  
  26  2:16  Stargate  
  26  2:21  Probe  
  27  2:25  Warp Gate  
  27  2:36  Probe x2 (Chrono Boost), Stalker  
  31  2:48  Probe x2 (Chrono Boost)  
  33  2:52  Probe x2 (Chrono Boost)  
  35  3:00  Oracle (Chrono Boost)  
  35  3:03  Probe x2  
  40  3:11  Pylon  
  40  3:15  Probe x2  
  40  3:18  Gateway  
  42  3:27  Probe x2  
  42  3:28  Oracle (Chrono Boost)  
  47  3:39  Probe x2  
  49  3:46  Nexus  
  49  3:48  Pylon  
  49  3:52  Probe x2  
  51  3:56  Assimilator  
  51  3:58  Assimilator  
  51  4:03  Twilight Council  
  51  4:04  Probe  
  51  4:05  Probe  
  53  4:12  Pylon  
  53  4:14  Adept  
  53  4:15  Adept  
  57  4:18  Probe x2  
  59  4:32  Gateway x2  
  59  4:37  Blink (Chrono Boost), Gateway  
  59  4:39  Gateway  
  59  4:44  Probe  
  60  4:46  Probe  
  60  4:51  Gateway  
  61  4:58  Probe  
  61  4:59  Probe  
  63  5:00  Stalker  
  63  5:01  Probe  
  66  5:12  Stalker  
  66  5:13  Probe (Chrono Boost)  
  71  5:15  Probe (Chrono Boost)  
  71  5:18  Probe (Chrono Boost)  
  71  5:19  Pylon  
  71  5:24  Probe (Chrono Boost)  
  71  5:25  Probe (Chrono Boost), Stalker  
  76  5:29  Probe (Chrono Boost)  
  76  5:30  Probe x2 (Chrono Boost), Pylon  
  78  5:35  Stalker  
  78  5:36  Stalker x2  
  78  5:37  Probe  
  78  5:40  Stalker  
  87  5:43  Pylon  
  87  5:47  Stalker, Shield Battery  
  89  5:53  Stalker x2  
  89  5:55  Probe  
  94  5:57  Pylon  
  94  6:05  Forge  
  94  6:12  Stalker x3  
  94  6:13  Stalker  
  94  6:15  Stalker  
  94  6:17  Stalker  
  106  6:20  Stalker  
  106  6:24  Pylon  
  106  6:45  Stalker x6  
  106  6:46  Stalker  
  120  6:47  Protoss Ground Weapons Level 1  
  120  6:49  Pylon  
  120  6:51  Pylon  
  120  7:02  Pylon  
  120  7:10  Stalker x7  
  120  7:14  Pylon  
  120  7:15  Assimilator  
  134  7:20  Probe x3  
  133  7:30  Pylon  
  129  7:37  Stalker x7  
  143  7:52  Pylon  
  137  8:01  Stalker x6  
  137  8:03  Zealot  
  134  8:24  Pylon, Stalker x6  
  146  8:27  Nexus  
  146  8:34  Stalker  
  144  8:47  Zealot  
  144  8:48  Zealot x5  
  144  9:06  Nexus  
  136  9:10  Stalker x7  
  136  9:14  Charge (Chrono Boost)  
  150  9:24  Pylon  
  150  9:26  Protoss Ground Weapons Level 2 (Chrono Boost)  
  149  9:35  Zealot  
  150  9:41  Nexus  
  150  9:42  Stalker x4  
  158  9:51  Stalker  
  158  9:52  Stalker  
  156  10:08  Stalker x4  
  156  10:09  Stalker  
  132  10:23  Stalker x2  
  122  10:37  Stalker x5  
  122  10:40  Nexus  
  122  10:41  Pylon  
  132  10:51  Nexus  
  132  10:57  Stalker  
  132  11:00  Stalker x2  
  132  11:01  Stalker x4  
  146  11:08  Shield Battery  
  124  11:25  Stalker x7  
  86  11:48  Stalker x4  
  86  11:49  Stalker  
  86  11:53  Stalker  
  98  11:59  Stalker  
  100  12:14  Zealot  
Show
View Real Time Build Order
Export as new Build Order

Serral Zerg - Winner!

Build Orders: Hatch First 

Get SALT Encoding   

  12  0:00  Drone  
  13  0:12  Overlord  
  13  0:17  Drone  
  14  0:31  Drone  
  14  0:32  Drone  
  16  0:48  Hatchery  
  15  0:52  Drone  
  15  0:56  Drone  
  17  0:59  Drone  
  18  1:11  Extractor  
  18  1:14  Spawning Pool  
  18  1:17  Drone  
  17  1:21  Drone  
  18  1:29  Drone  
  19  1:39  Drone  
  20  1:51  Overlord  
  20  2:00  Queen x2  
  24  2:01  Zergling x4  
  26  2:11  Drone x2  
  26  2:13  Metabolic Boost  
  28  2:22  Drone x2  
  30  2:36  Hatchery  
  29  2:38  Drone  
  29  2:40  Drone  
  31  2:45  Overlord  
  31  2:51  Queen  
  31  2:55  Drone  
  31  2:56  Drone  
  31  2:58  Drone  
  36  3:04  Overlord  
  36  3:11  Queen  
  36  3:12  Drone  
  39  3:13  Drone  
  39  3:14  Drone  
  39  3:16  Drone  
  39  3:18  Drone  
  43  3:24  Drone  
  43  3:25  Drone  
  45  3:27  Queen  
  45  3:31  Drone  
  48  3:36  Drone  
  48  3:41  Overlord  
  49  3:42  Overlord  
  49  3:48  Queen  
  51  3:49  Drone x3  
  51  3:55  Spore Crawler x2  
  53  3:59  Overlord  
  53  4:00  Zergling x2  
  53  4:01  Zergling x2  
  53  4:02  Drone  
  55  4:06  Drone x2  
  55  4:09  Drone x2  
  59  4:13  Overlord, Zergling x2  
  59  4:16  Drone  
  61  4:17  Drone  
  61  4:20  Drone x2  
  64  4:25  Zergling x2  
  64  4:28  Drone  
  64  4:30  Roach Warren  
  65  4:32  Zergling x2  
  65  4:34  Zergling x2  
  65  4:37  Drone  
  65  4:38  Drone x2  
  70  4:40  Overlord  
  70  4:41  Drone  
  71  4:46  Lair  
  71  4:51  Hatchery  
  70  4:52  Extractor  
  70  4:54  Drone x2  
  70  4:57  Drone  
  70  4:58  Drone x2  
  70  4:59  Drone  
  75  5:03  Drone  
  75  5:04  Drone x2  
  75  5:06  Drone x2  
  80  5:10  Drone x2  
  80  5:12  Overlord  
  82  5:14  Overlord  
  82  5:19  Drone  
  82  5:20  Extractor  
  82  5:21  Overlord, Evolution Chamber  
  82  5:23  Drone x3  
  82  5:27  Spore Crawler  
  82  5:28  Drone  
  82  5:29  Drone  
  82  5:35  Drone x6  
  89  5:37  Overlord  
  89  5:40  Zergling x2  
  91  5:43  Glial Reconstitution  
  91  5:44  Zergling x8  
  91  5:45  Overseer  
  91  5:47  Zerg Melee Weapons Level 1  
  95  5:53  Roach x2  
  95  5:55  Roach  
  95  5:56  Roach x3, Zergling x2  
  108  5:59  Overlord  
  107  6:04  Roach x3  
  107  6:06  Zergling x4  
  115  6:14  Zergling x4  
  115  6:15  Zergling x6  
  120  6:18  Overlord  
  120  6:21  Hatchery, Zergling x6  
  120  6:25  Roach x4  
  130  6:31  Roach x2  
  132  6:34  Roach x2  
  132  6:36  Overlord x3  
  132  6:37  Overlord  
  136  6:42  Zergling x10  
  136  6:43  Ravager  
  137  6:52  Roach x2  
  137  6:53  Roach  
  137  6:54  Queen  
  143  6:56  Overlord x2  
  143  6:58  Roach x4  
  144  7:02  Ravager  
  144  7:05  Zergling x12  
  147  7:10  Roach x3, Zergling x4  
  147  7:11  Queen  
  154  7:17  Zergling x4  
  154  7:19  Ravager  
  154  7:22  Overlord  
  155  7:23  Zergling x10  
  155  7:28  Roach  
  155  7:30  Ravager  
  155  7:32  Queen x2  
  155  7:36  Roach x3  
  159  7:37  Zergling x12  
  159  7:40  Roach x2  
  159  7:41  Zergling x2  
  159  7:42  Zergling x2  
  168  7:46  Zergling x2  
  168  7:47  Zergling x4  
  164  7:51  Zergling x2  
  164  7:52  Zergling x2, Ravager  
  164  7:55  Queen x2  
  165  7:58  Roach  
  165  7:59  Roach x2, Zergling x4  
  165  8:00  Zergling x2  
  165  8:02  Extractor  
  165  8:03  Zergling x4  
  165  8:04  Zergling x4  
  176  8:06  Roach x2, Zergling x2  
  176  8:12  Zergling x8  
  173  8:16  Zergling x6  
  166  8:21  Ravager  
  166  8:22  Zergling x10  
  172  8:30  Zergling x12  
  177  8:37  Baneling Nest  
  177  8:38  Zergling x16  
  177  8:40  Zerg Melee Weapons Level 2  
  178  8:43  Zergling x6  
  178  8:54  Zergling x14  
  178  9:00  Zergling x16  
  184  9:07  Zergling x10  
  179  9:13  Roach  
  179  9:14  Roach, Zergling x6  
  185  9:18  Drone x3  
  185  9:20  Drone x3  
  185  9:21  Zergling x4  
  185  9:22  Centrifugal Hooks  
  191  9:25  Hatchery  
  191  9:29  Drone x2  
  189  9:33  Zergling x22  
  198  9:44  Baneling  
  198  9:45  Baneling x21  
  198  9:52  Spore Crawler  
  197  9:53  Extractor, Drone x2  
  197  9:54  Drone  
  197  9:58  Zergling x6  
  198  10:04  Zergling x6  
  196  10:07  Zergling x2  
  196  10:08  Zergling x8  
  196  10:14  Zergling x24  
  199  10:18  Zergling x2  
  199  10:19  Zergling x12  
  189  10:24  Zergling x12  
  184  10:29  Zergling x6, Infestation Pit  
  184  10:32  Zergling x12  
  192  10:37  Roach  
  192  10:38  Roach x2  
  192  10:42  Baneling x21  
  195  10:46  Zergling x12  
  197  10:51  Zergling x6  
  197  10:52  Zergling x2  
  197  10:53  Baneling x6  
  197  10:56  Baneling  
  200  11:00  Overseer  
  197  11:05  Extractor, Drone x3  
  197  11:12  Drone x3, Hive  
  197  11:13  Drone x3  
  197  11:15  Zergling x22  
  192  11:19  Zergling x8  
  192  11:20  Zergling x2  
  192  11:23  Zergling x6  
  192  11:24  Zergling x2  
  192  11:27  Spore Crawler  
  192  11:28  Zergling x8  
  192  11:32  Zergling x10  
  190  11:37  Zergling x2  
  190  11:38  Zergling x6  
  171  11:43  Roach x4  
  171  11:47  Baneling x10  
  179  11:52  Roach x3  
  185  11:55  Zergling x12  
  185  11:58  Baneling x6  
  190  12:04  Zergling x14  
  190  12:06  Baneling x5  
Tags
 
Add a new tag
Caveats
  • Supply blocks, unpowered buildings, or Contaminate may cause inaccurate times.
  • Supply counts are checked every 10 seconds.